 Dungeon Crawl Stone Soup version 0.29.1-14-g9c671dbff4 (webtiles) character file.

Game seed: 7836283047186245400

41 Kurdi the Shooter (level 3, 0/19 (22) HPs)
             Began as a Tengu Hunter on Jan 25, 2023.
             Slain by a quokka (4 damage)
             ... on level 3 of the Dungeon on Feb 17, 2023.
             The game lasted 00:06:25 (1295 turns).

Kurdi the Shooter (Tengu Hunter)                    Turns: 1295, Time: 00:06:28

HP:   0/19 (22)     AC:  3    Str: 11    XL:     3   Next: 52%
MP:   4/4           EV: 12    Int:  9    God:
Gold: 89            SH:  0    Dex: 19    Spells: 2/2 levels left

rFire   . . .      SeeInvis .   a - +1 shortbow
rCold   . . .      Faith    .   (shield currently unavailable)
rNeg    . . .      Spirit   .   c - +0 leather armour
rPois   .          Reflect  .   (helmet restricted)
rElec   .          Harm     .   f - scarf {+Inv}
rCorr   .          Rampage  .   (no gloves)
Will    .....                   (boots unavailable)
Stlth   ++........              (no amulet)
HPRegen 0.06/turn               (no ring)
MPRegen 0.09/turn               (no ring)

@: heavily drained
A: beak, talons 3
a: Evoke Invisibility


You were on level 3 of the Dungeon.
You visited 1 branch of the dungeon, and saw 3 of its levels.

You collected 89 gold pieces.

Inventory:

Hand Weapons
 a - a +1 shortbow (weapon)
Armour
 c - a +0 leather armour (worn)
 f - a scarf of invisibility (worn)
Scrolls
 b - a scroll of immolation
 d - a scroll of blinking {unknown}
Potions
 i - a potion of brilliance
 j - a potion of attraction
 k - a potion of might {unknown}


   Skills:
 + Level 2.5 Fighting
 + Level 4.7 Ranged Weapons
 + Level 2.7 Dodging
 + Level 1.9 Stealth


You had 2 spell levels left.
You didn't know any spells.
Your spell library was empty.

Dungeon Overview and Level Annotations

Branches:
Dungeon (3/15)

Altars:

Annotations:
D:2 Robin


Innate Abilities, Weirdness & Mutations

You have a beak for a mouth.
You have claws for feet.


Message History

The jackal bites you but does no damage.
The jackal misses you. The jackal closely misses you. The jackal misses you.
The jackal attacks as you move away!
The jackal bites you but does no damage.
The jackal attacks as you move away! The jackal barely misses you.
Found a stone staircase leading up.
The jackal bites you.
The jackal bites you but does no damage.
A quokka comes into view.
The jackal closely misses you. The quokka bites you.
Really attack while wielding your +1 shortbow? [Y]es or [N]o only, please.
Really attack while wielding your +1 shortbow? [Y]es or [N]o only, please.
Really attack while wielding your +1 shortbow?
Okay, then.
Fire: a) +1 shortbow
Press: ? - help, Q - select action, (/) - cycle Shift-Dir - straight line, f - quokka
Aim: a quokka (56% to hit)
You shoot an arrow. The arrow closely misses the quokka.
The jackal bites you.
* * * LOW HITPOINT WARNING * * *
The quokka closely misses you. The jackal closely misses you.
Fire: a) +1 shortbow
Press: ? - help, Q - select action, (/) - cycle Shift-Dir - straight line, f/p - quokka
Aim: a quokka (56% to hit)
You shoot an arrow. The arrow closely misses the quokka.
The jackal closely misses you. The quokka closely misses you.
The jackal bites you.
* * * LOW HITPOINT WARNING * * *
The quokka barely misses you.
Fire: a) +1 shortbow
Press: ? - help, Q - select action, (/) - cycle Shift-Dir - straight line, f/p - quokka
Aim: a quokka (56% to hit)
You shoot an arrow. The arrow hits the quokka.
The quokka is lightly wounded.
The jackal closely misses you. The quokka bites you.
You die...

###
#...........#####.#
#.# ##.###.####.# #
#.# #.# #.# #g#
#.#.# #.# #.# #K#
#.#.# #.# #.# #O#
#...# #h# #.# #l#
#)# #h# #.# #@#
#.#### #r# #O....
... #.#### ##.##
#.# #.. #.# ### #.#
#.# ..# #.#


You could see an ogre, a quokka, 2 jackals, a goblin, a kobold and a frilled
lizard.

Vanquished Creatures
  An adder (D:2)
  2 ball pythons (D:2)
  4 endoplasms
  A giant cockroach (D:1)
  6 goblins
  6 hobgoblins
  A jackal (D:3)
  A bat (D:1)
  2 kobolds
  2 rats
26 creatures vanquished.

Notes
Turn   | Place    | Note
-------+----------+-------------------------------------------
     0 | D:1      | Kurdi the Tengu Hunter began the quest for the Orb.
     0 | D:1      | Reached XP level 1. HP: 12/12 MP: 2/2
   198 | D:1      | Found a faded altar of an unknown god.
   223 | D:1      | Upgraded the game from 0.29.1-13-g9f3cf754e1 to
                  | 0.29.1-14-g9c671dbff4
   532 | D:1      | Reached XP level 2. HP: 17/17 MP: 3/3
  1091 | D:2      | Reached XP level 3. HP: 22/22 MP: 4/4
  1179 | D:2      | Noticed Robin
  1241 | D:3      | Noticed an ogre
  1295 | D:3      | Slain by a quokka

Illustrated notes

Levels and vault maps discovered:
D:1:      co_arrival_two_rings, layout_loops_corners,
          hellmonk_ecumenical_altar_pennies_from_heaven
D:2:      layout_basic, basic_altar, uniq_jessica, uniq_robin
D:3:      minmay_evil_eye, layout_loops_ring

Action                   || total
-------------------------++-------
 Fire: Shortbow          ||    68
  Use: Scroll            ||     5
       Potion            ||     1
Armor: Leather armour    ||    19
Dodge: Dodged            ||    59
